 Dungeon Crawl Stone Soup version 0.17.0-22-g5edae84 (console) character file.

96 gw the Covered (level 4, 0/35 HPs)
             Began as a Human Fighter on Nov 12, 2015.
             Was an Initiate of Trog.
             Shot with an arrow by a centaur (8 damage)
             ... on level 2 of the Dungeon.
             The game lasted 00:02:43 (3024 turns).

gw the Covered (Human Fighter)                      Turns: 3024, Time: 00:02:43

Health: 0/35       AC:  5    Str: 21    XL:     4   Next: 98%
Magic:  4/4        EV:  8    Int:  8    God:    Trog [......]
Gold:   130        SH:  9    Dex: 14    Spells: 0 memorised, 3 levels left

rFire  + . .     SeeInvis .     a - +0 war axe
rCold  . . .     Clarity  .     h - +2 leather armour {rF+}
rNeg   . . .     SustAt   .     c - +0 shield
rPois  .         Gourm    .     (no helmet)
rElec  .         Spirit   .     (no cloak)
rCorr  .         Warding  .     (no gloves)
rMut   .         Stasis   .     (no boots)
MR     .....                    (no amulet)
Stlth  +.........               (no ring)
                                (no ring)

@: mighty, not resistant to hostile enchantments, very unstealthy
A: no striking features
a: Burn Spellbooks, Renounce Religion


You were on level 2 of the Dungeon.
You worshipped Trog.
Trog was noncommittal.
You were not hungry.

You visited 1 branch of the dungeon, and saw 2 of its levels.

You collected 130 gold pieces.

Inventory:

Hand Weapons
 a - a +0 war axe (weapon)
Missiles
 f - 23 poisoned needles
 g - 13 stones (quivered)
Armour
 c - a +0 shield (worn)
 h - a +2 leather armour of fire resistance (worn)
Comestibles
 e - 4 bread rations


   Skills:
 + Level 3.3 Fighting
 * Level 3.5 Axes
 + Level 0.6 Throwing
 + Level 3.6 Armour
 + Level 3.2 Shields


You had 3 spell levels left.
You didn't know any spells.

Dungeon Overview and Level Annotations

Branches:
Dungeon (2/15)

Altars:
Okawaru
Qazlal
Trog


Message History

Unknown command.
Unknown command.
ATTACK MOVE TO (1,0)
The centaur shoots an arrow.
The arrow hits you.
You see here an arrow.
Unknown command.
Unknown command.
Unknown command.
Unknown command.
ATTACK MOVE TO (0,-1)
The centaur shoots an arrow.
The arrow barely misses you.
You see here an arrow.
Unknown command.
Unknown command.
Unknown command.
Unknown command.
ATTACK MOVE TO (1,0)
The centaur shoots an arrow.
The arrow hits you.
The centaur shoots an arrow.
The arrow hits you!
You die...

#.........###.#### #..
#.........###.#### #.#
##.!..............# #.# ######
#.........#.#####.# #.# .....#
#.........#.#####.#####.# .....#
#.........._...##.......#
#....####.....%..c...#.#...######
..#............(#.#..)...#.#
.....####.....(.p.#........# ##
####.# #.((....######.##### #.
.....# ####.#### #...# #.
########## #.# #...# #.
#.......###.# #...# ##.
##.#####.#...# #...# ##.#
.....###.#.### #####...######.##
.............# ..............##
.....)##.#.#...................##


You could see a centaur.

Table legend:
 A = Turns spent in this place as a percentage of turns spent in the entire game.
 B = Non-inter-level travel turns spent in this place as a percentage of non-inter-level travel turns spent in the entire game.
 C = Inter-level travel turns spent in this place as a percentage of turns spent in this place.
 D = Turns resting spent in this place as a percentage of non-inter-level travel turns spent in this place.
 E = Turns spent auto-exploring this place as a percentage of non-inter-level travel turns spent in this place.
 F = Non-inter-level travel turns spent in this place divided by the number of levels of this place that you've seen.
                   A       B       C       D       E      F
               +-------+-------+-------+-------+-------+----------------------
         Total | 100.0 | 100.0 |   0.4 |   1.3 |   2.4 | 1983.5
       Dungeon | 100.0 | 100.0 |   0.4 |   1.3 |   2.4 | 1983.5
               +-------+-------+-------+-------+-------+----------------------

Table legend:
 A = Kills in this place as a percentage of kills in entire the game.
 B = Kills by you in this place as a percentage of kills by you in the entire game.
 C = Kills by friends in this place as a percentage of kills by friends in the entire game.
 D = Other kills in this place as a percentage of other kills in the entire game.
 E = Experience gained in this place as a percentage of experience gained in the entire game.
 F = Experience gained in this place divided by the number of levels of this place that you have seen.
                   A       B       C       D       E      F
               +-------+-------+-------+-------+-------+----------------------
         Total | 100.0 | 100.0 |  -nan |  -nan | 100.0 |  69.0
       Dungeon | 100.0 | 100.0 |  -nan |  -nan | 100.0 |  69.0
               +-------+-------+-------+-------+-------+----------------------

Vanquished Creatures
  3 adders (D:2)
  3 worms (D:2)
  A giant gecko (D:2)
  2 giant cockroaches (D:1)
  5 hobgoblins
  6 jackals
  9 bats
  A giant newt (D:1)
  7 goblins
  13 kobolds
  9 rats
59 creatures vanquished.

Vanquished Creatures (others)
  A giant cockroach (D:1)
  A kobold (D:1)
2 creatures vanquished.

Grand Total: 61 creatures vanquished

Notes
Turn   | Place    | Note
--------------------------------------------------------------
     0 | D:1      | gw the Human Fighter began the quest for the Orb.
     0 | D:1      | Reached XP level 1. HP: 18/18 MP: 1/1
   269 | D:1      | Reached XP level 2. HP: 22/24 MP: 2/2
   723 | D:1      | Reached XP level 3. HP: 24/29 MP: 3/3
  1650 | D:2      | Reached XP level 4. HP: 21/35 MP: 4/4
  1973 | D:2      | Found a bloodstained altar of Trog.
  1979 | D:2      | Became a worshipper of Trog the Wrathful
  2063 | D:2      | Found an iron altar of Okawaru.
  2582 | D:2      | HP: 1/35 [worm (6)]
  2971 | D:2      | Found a stormy altar of Qazlal.
  3016 | D:2      | Noticed a centaur
  3024 | D:2      | Shot with an arrow by a centaur

Action                   |  1- 3 |  4- 6 || total
-------------------------+-------+-------++-------
Melee: War axe           |   118 |    77 ||   195
Throw: Stone             |    11 |    55 ||    66
  Use: Potion            |       |     1 ||     1
  Eat: Chunk             |     3 |     2 ||     5
       Bread ration      |       |     1 ||     1

Vault maps used:
D:1:      dpeg_cavernosity, st_stairs_8, lemuel_flame_loot_1
D:2:      old_standard_altar, overflow_temple_1_default, lemuel_doored_altar,
          first_bread
